 Dungeon Crawl Stone Soup version 0.27.1-4-g1640c2035a (webtiles) character file.

Game seed: 14045902017199653246

17 DearestLeader the Grave Robber (level 2, -1/20 HPs)
             Began as a Gnoll Necromancer on Nov 10, 2021.
             Slain by a goblin (6 damage)
             ... on level 1 of the Dungeon.
             The game lasted 00:01:19 (620 turns).

DearestLeader the Grave Robber (Gnoll Necromancer)   Turns: 620, Time: 00:01:20

Health: -1/20      AC:  2    Str:  7    XL:     2   Next: 62%
Magic:  6/7        EV: 13    Int: 14    God:
Gold:   20         SH:  0    Dex: 12    Spells: 8/10 levels left

rFire    . . .     SeeInvis .   b - +3 dagger (drain)
rCold    . . .     Faith    .   (no shield)
rNeg     . . .     Spirit   .   a - +0 robe
rPois    .         Reflect  .   (no helmet)
rElec    .         Harm     .   (no cloak)
rCorr    .         Rampage  .   (no gloves)
Will     .....                  (no boots)
Stlth    ++........             (no amulet)
HPRegen  0.06/turn              (no ring)
MPRegen  0.10/turn              (no ring)

@: lethally poisoned (-1 -> -11)
A: fangs 1, strong nose, distributed training
a: no special abilities


You were on level 1 of the Dungeon.
You visited 1 branch of the dungeon, and saw 1 of its levels.

You collected 20 gold pieces.

Inventory:

Hand Weapons
 b - a +3 dagger of draining (weapon)
Armour
 a - a +0 robe (worn)
Scrolls
 d - 2 scrolls of immolation {unknown}
Potions
 c - a potion of degeneration {unknown}


   Skills:
 + Level 0.5 Fighting
 + Level 0.5 Short Blades
 + Level 0.5 Long Blades
 + Level 0.5 Axes
 + Level 0.5 Maces & Flails
 + Level 0.5 Polearms
 + Level 0.5 Staves
 + Level 0.5 Slings
 + Level 0.5 Bows
 + Level 0.5 Crossbows
 + Level 0.5 Throwing
 + Level 0.5 Armour
 + Level 4.5 Dodging
 + Level 4.1 Stealth
 + Level 0.5 Shields
 + Level 0.5 Unarmed Combat
 + Level 4.9 Spellcasting
 + Level 0.3 Conjurations
 + Level 0.3 Hexes
 + Level 0.3 Summonings
 + Level 7.0 Necromancy
 + Level 0.3 Translocations
 + Level 0.3 Transmutations
 + Level 0.3 Fire Magic
 + Level 0.3 Ice Magic
 + Level 0.3 Air Magic
 + Level 0.3 Earth Magic
 + Level 0.3 Poison Magic
 + Level 0.6 Invocations
 + Level 0.5 Evocations


You had 8 spell levels left.
You knew the following spells:

 Your Spells              Type           Power      Damage    Failure   Level
a - Pain                  Necr           92%        1d8       1%          1
b - Animate Skeleton      Necr           46%        N/A       1%          1

Your spell library contained the following spells:

 Spells                   Type           Power      Damage    Failure   Level
 Vampiric Draining        Necr           11%        2d7       3%          3
 Animate Dead             Necr           11%        N/A       10%         4
 Agony                    Necr           23%        N/A       26%         5


Dungeon Overview and Level Annotations

Branches:
Dungeon (1/15)

Altars:


Innate Abilities, Weirdness & Mutations

You have very sharp teeth.
Your uncanny sense of smell can sniff out nearby items.
Your experience applies equally to all skills.


Message History

The goblin is moderately wounded.
The goblin misses you.
You hit the goblin.
You kill the goblin!
No target in view!
c - a ruby potion
d - a scroll labelled BOMUTEB ITIO You now have 20 gold pieces (gained 5).
Things that are here:
a +0 club; a goblin corpse
Things that are here:
a +0 short sword; 3 stones; a kobold corpse
Found a hand axe.
You see here a +0 hand axe.
Found a scroll labelled BOMUTEB ITIO.
Found a club.
d - 2 scrolls labelled BOMUTEB ITIO (gained 1)
Found a stone staircase leading down.
An endoplasm comes into view.
A goblin comes into view. It is wielding a +3 dagger of venom.
The goblin shouts!
The endoplasm freezes you.
You are frozen.
You hit the endoplasm. You drain the endoplasm.
You kill the endoplasm!
A bat comes into view.
You closely miss the goblin.
The goblin hits you with a +3 dagger of venom.
You are lethally poisoned!
You feel very sick.
Casting: Pain (safe; 1% risk of failure)
Confirm with . or Enter, or press ? or * to list all spells.
Aiming: Pain (safe; 1% risk of failure)
Press: ? - help, Shift-Dir - straight line, f - goblin
Aim: a goblin, wielding a +3 dagger of venom (chance to affect: 92%)
The goblin writhes in agony.
* * * LOW HITPOINT WARNING * * *
You feel very sick.
The goblin hits you with a +3 dagger of venom.
You die...

.##. #.##.....##.#..#.##
..... ..########.#....##
#.... #..........#..#.##
#.....#.#.#....##.....)#
#.#.^.#.#.......#...#..#
#...........#..........#
###.###.##..#..........#
#.##.##..........#
#@##......#.#.....
#g#######.........
#............>....
......####...#....
##...b.......##....
#........ #........
#........ #........


You could see a goblin and a bat.

Vanquished Creatures
  3 bats (D:1)
  2 endoplasms (D:1)
  A giant cockroach (D:1)
  2 hobgoblins (D:1)
  2 jackals (D:1)
  A ball python (D:1)
  A frilled lizard (D:1)
  2 goblins (D:1)
  A kobold (D:1)
15 creatures vanquished.

Notes
Turn   | Place    | Note
-------+----------+-------------------------------------------
     0 | D:1      | DearestLeader the Gnoll Necromancer began the quest for the
                  | Orb.
     0 | D:1      | Reached XP level 1. HP: 13/13 MP: 6/6
     2 | D:1      | Learned a level 1 spell: Animate Skeleton
    17 | D:1      | Found a faded altar of an unknown god.
    65 | D:1      | Reached XP level 2. HP: 5/19 MP: 0/7
   620 | D:1      | Slain by a goblin

Illustrated notes

Levels and vault maps discovered:
D:1:      minmay_arrival_shattered_statue, layout_basic,
          dreamdust_ecumenical_altar_statues, minmay_pentomino_o4

Action                   || total
-------------------------++-------
Melee: Dagger            ||    27
       Unarmed           ||     2
       Bite              ||     1
 Cast: Pain              ||    13
       Animate Skeleton  ||     1
 Stab: Sleeping          ||     1
Armor: Robe              ||     1
Dodge: Dodged            ||    24
